Unix NetHack Version 5.0.0-0 post-release - last build Jul 14 2026 02:55:29 (1809b74e8187c3a3585e283601c3028b46cbbdcb,branch:main).

Game began 2026-07-16 20:36:54, ended 2026-07-17 14:41:14.

Barrb, neutral female human Barbarian

                                               ---
                              ----      ---  |.|<|-------
                       ---    |..--    --.----.+.||.....----
                       |.--   |...------...|-....||.|......|
                 ----  |..|   --...........#..|.---.|.....--
                 |).-----.|    -----.`.....|.-|.....|------
                 |......|.------   |.......|.|---..---              ---
                 ------........-----..------.| --....|     ---    ---.|
                      ---.----......>.||.[...|--..--.|     |.------..#-
                        |..- --#.....--|[-----|...||.|     |..--.....--
    ...                 --..|    ....---)|    |...--.---   --.........|
    dd-                  --.-     ...)*[.|    ---......|.   --.......-|
    |@| ----------        |..----...------      |-........-  |..^.....--
    #.---..........       -#........|           |..........---.%.......|
    |.....#------...       --.....---   ----    |-.....................|
     --..--     --..---....    ....|   --..|    |.......----..`%.......-----
      ----       |.................----....|    |......--  |.........).....----
                 --------............|....--     --...--   |..............#*..|
                         --....---.....----       |.^--     ---(|..|.--.----..|
                          --.--   ---.--          |..|        --------     ---
                           ---                    ---
Barrb the Bandit           St:16 Dx:18 Co:18 In:7 Wi:7 Ch:7  Neutral
Dlvl:5  $:99 HP:0(75) Pw:14(14) AC:6  Xp:7 T:4897  Burdened

Latest messages:
 You have a little trouble lifting a +0 two-handed sword.  Continue? [ynq] (q) y
 You have a little trouble lifting a - a +0 two-handed sword.
 n - a +1 orcish helm.
 p - a corroded +0 pair of buckled boots.
 c - an uncursed rusty +0 ring mail.
 Your movements are slowed slightly because of your load.
 What do you want to wear? [cnpDK or ?*] *
 You finish your dressing maneuver.
 What do you want to wear? [cpK or ?*] *
 You finish your dressing maneuver.
 What do you want to wear? [cK or ?*] c
 You finish your dressing maneuver.
 You hear a nearby zap.
 You begin bashing monsters with your bare hands.
 You smite the gnome lord.
 You smite the gnome lord.
 The gnome lord hits!
 You smite the gnome lord.
 The gnome lord hits!
 You kill the gnome lord!
 There is a gnome lord corpse here; eat it? [ynq] (n) y
 This gnome lord corpse is tough.
 You stop eating the gnome lord corpse.
 You smite the wolf.
 The wolf bites!
 You smite the wolf.
 The wolf bites!
 You smite the wolf.
 The wolf bites!
 The wolf bites!
 You smite the wolf.
 The wolf bites!
 The wolf bites!
 The wolf bites!
 The wolf bites!
 The wolf bites!
 You smite the wolf.
 The wolf bites!
 The wolf bites!
 The wolf bites!
 What do you want to drink? [hlstC or ?*] l
 You feel better.
 The wolf bites!
 The wolf bites!
 What do you want to zap? [R or ?*] R
 In what direction? 8
 The bolt of cold hits the wolf!
 The wolf bites!
 You die...
 Do you want your possessions identified? [ynq] (y) q

Inventory:
 Coins    ('$')
  $ - 99 gold pieces
 Weapons  (')')
  P - 12 blessed +0 darts
  w - 47 +0 darts (at the ready)
  b - a +0 axe (alternate weapon; not wielded)
  a - a +0 two-handed sword
 Armor    ('[')
  D - an uncursed +0 dwarvish iron helm
  n - a blessed +1 orcish helm (being worn)
  p - a blessed corroded +0 pair of kicking boots (being worn)
  K - an uncursed +0 dwarvish mithril-coat
  c - an uncursed rusty +0 ring mail (being worn)
 Comestibles  ('%')
  e - 2 uncursed cream pies
  d - 3 uncursed food rations
  m - 2 cursed food rations
  Q - an uncursed tin of french fried rothe meat
 Scrolls  ('?')
  y - a blessed scroll of blank paper
  q - 4 uncursed scrolls of blank paper
  f - an uncursed scroll of confuse monster
  j - a cursed scroll of destroy armor
  M - an uncursed scroll of earth
  E - a cursed scroll of enchant weapon
  B - an uncursed scroll of identify
  F - an uncursed scroll of stinking cloud
 Potions  ('!')
  t - 2 uncursed potions of extra healing
  s - an uncursed potion of object detection
  C - a cursed potion of sleeping
  h - a cursed potion of speed
 Rings    ('=')
  v - an uncursed +2 ring of gain constitution
 Wands    ('/')
  R - a wand of cold (0:6)
 Tools    ('(')
  o - an empty cursed oilskin sack
  k - an uncursed brass lantern
  z - an uncursed brass lantern
  g - an uncursed oil lamp
  J - a +0 pick-axe
  i - an uncursed skeleton key
  A - 4 uncursed tallow candles
 Gems/Stones  ('*')
  O - an uncursed worthless piece of black glass
  H - an uncursed worthless piece of blue glass
  x - a cursed worthless piece of blue glass
  u - an uncursed worthless piece of green glass
  N - 4 uncursed worthless pieces of red glass
  I - 2 uncursed worthless pieces of yellowish brown glass

Barrb the Barbarian's attributes:

Background:
 You were a Bandit, a level 7 female human Barbarian.
 You were neutral, on a mission for Crom
 who was opposed by Mitra (lawful) and Set (chaotic).
 You were right-handed.
 You were in the Gnomish Mines, on level 5.
 You entered the dungeon 4897 turns ago.
 There was a new moon in effect when your adventure ended.
 You had 1017 experience points, 263 more were needed to attain level 8.

Basics:
 You had 0 out of 75 hit points.
 You had all 14 energy points (spell power).
 Your armor class was 6.
 Your wallet contained 99 zorkmids.
 Autopickup was off.

Final Characteristics:
 Your strength was 16 (peak:17, limit:18/100).
 Your dexterity was 18 (limit:18).
 Your constitution was 18 (limit:18).
 Your intelligence was 7 (limit:18).
 Your wisdom was 7 (limit:18).
 Your charisma was 7 (limit:18).

Final Status:
 You weren't hungry.
 You were burdened; movement was slightly slowed.
 You were bare handed.
 You had basic skill with bare handed combat.

Final Attributes:
 You were piously aligned.
 You were poison resistant.
 You were warded.
 You were fast.
 You are dead.

Miscellaneous:
 You didn't encounter any bones levels.
 Total elapsed playing time was 1 hour, 41 minutes and 20 seconds.

Major events:
 Turn
    1: Barrb the neutral female human Barbarian entered the dungeon
  790: attained the rank of Pillager (level 3)
  887: entered the Gnomish Mines
 2860: attained the rank of Bandit (level 6)
 4897: killed by a wolf

You didn't know any spells.

Skills:
 Fighting Skills
   bare handed combat [Basic]
   two weapon combat  [Unskilled]
   riding             [Unskilled]
 Weapon Skills
   dagger             [Unskilled]
   axe                [Basic]
   pick-axe           [Unskilled]
   short sword        [Unskilled]
   broadsword         [Unskilled]
   long sword         [Unskilled]
   two-handed sword   [Skilled]
   saber              [Unskilled]
   club               [Unskilled]
   mace               [Unskilled]
   morning star       [Unskilled]
   flail              [Unskilled]
   hammer             [Unskilled]
   quarterstaff       [Unskilled]
   spear              [Unskilled]
   trident            [Unskilled]
   bow                [Unskilled]
 Spellcasting Skills
   attack spells      [Unskilled]
   escape spells      [Unskilled]

Voluntary challenges:
 Character rerolling was not enabled.
 You were illiterate.
 You never genocided any monsters.
 You never polymorphed an object.
 You used no wishes.
Achievements:
 You entered a shop.
 You attained the rank of Pillager.
 You entered the Gnomish Mines.
 You attained the rank of Bandit.

 The Dungeons of Doom: levels 1 to 5
    Level 1:
    Level 2:
       An armor shop, an altar, a sink.
       Stairs down to The Gnomish Mines.
    Level 3:
       A fountain.
    Level 4:
       A grave.
    Level 5:
       An armor shop, an altar to Crom, many fountains.
 The Gnomish Mines: levels 3 to 5
    Level 3:
    Level 4:
    Level 5: <- You were here.
       Final resting place for
          you, killed by a wolf.


Vanquished creatures:
  a jaguar
  a dwarf leader
  2 rock moles
  5 gnome leaders
  3 gray oozes
  3 elf zombies
  a paper golem
  4 giant ants
  a kitten
  8 dwarves
  a kobold leader
 10 hill orcs
  2 rothes
  a giant bat
  a wererat
  a werejackal
  2 iguanas
  3 killer bees
  2 coyotes
  2 gas spores
  a hobbit
  2 manes
  a large kobold
  a hobgoblin
  a giant rat
  a cave spider
  a brown mold
  a yellow mold
  2 green molds
  a red mold
 27 gnomes
  5 geckos
  6 jackals
  a fox
  a kobold
  4 goblins
  5 sewer rats
  5 grid bugs
  a lichen
  a kobold zombie
  5 newts
127 creatures vanquished.

No species were genocided or became extinct.

Game over:
                       ----------
                      /          \
                     /    REST    \
                    /      IN      \
                   /     PEACE      \
                  /                  \
                  |      Barrb       |
                  |      99 Au       |
                  | killed by a wolf |
                  |                  |
                  |                  |
                  |                  |
                  |       2026       |
                 *|     *  *  *      | *
        _________)/\\_//(\/(/\)/\//\/|_)_______

Goodbye Barrb the Barbarian...

You died in The Gnomish Mines on dungeon level 5 with 4388 points,
and 99 pieces of gold, after 4897 moves.
You were level 7 with a maximum of 75 hit points when you died.

